 Dungeon Crawl Stone Soup version 0.21.1-1-g345015f (webtiles) character file.

86 kae the Insei (level 4, 0/28 HPs)
             Began as an Octopode Transmuter on May 26, 2018.
             Succumbed to miscasting Spider Form's residual poison
             ... on level 2 of the Dungeon.
             The game lasted 00:02:10 (1666 turns).

kae the Insei (Octopode Transmuter)                 Turns: 1666, Time: 00:02:11

Health: 0/28       AC:  1    Str:  9    XL:     4   Next: 49%
Magic:  4/7        EV: 11    Int: 15    God:
Gold:   49         SH:  6    Dex: 13    Spells: 1/7 levels left

rFire    . . .     SeeInvis .     - Unarmed
rCold    . . .     Gourm    .   i - +0 shield
rNeg     . . .     Faith    .   (helmet restricted)
rPois    .         Spirit   .   (no amulet)
rElec    .         Reflect  .   (no ring)
rCorr    .         Harm     .   (no ring)
MR       .....                  (no ring)
Stlth    ++........             (no ring)
HPRegen  0.09/turn              (no ring)
MPRegen  0.10/turn              (no ring)
                                (no ring)
                                (no ring)

@: lethally poisoned (0 -> -15), about to teleport, very slightly contaminated
A: almost no armour, stealthy swim, amphibious, 8 rings, constrict 8, camouflage
1, gelatinous body 1
a: no special abilities


You were on level 2 of the Dungeon.
You were hungry.

You visited 1 branch of the dungeon, and saw 2 of its levels.

You collected 49 gold pieces.

Inventory:

Missiles
 a - 61 arrows
Armour
 i - a +0 shield (worn)
Scrolls
 d - a scroll of remove curse {unknown}
 e - 5 scrolls of teleportation
 f - a scroll of blinking {unknown}
 g - a scroll of immolation {unknown}
Books
 b - a book of Changes

   Spells                             Type                      Level
   a - Beastly Appendage              Transmutation                1
   b - Sticks to Snakes               Transmutation                2
   c - Spider Form                    Transmutation/Poison         3
   d - Ice Form                       Ice/Transmutation            4
   e - Blade Hands                    Transmutation                5
Comestibles
 c - 2 rations


   Skills:
 + Level 1.6 Fighting
 + Level 2.4 Dodging
 + Level 0.6 Shields
 * Level 3.6 Unarmed Combat
 + Level 2.4 Spellcasting
 * Level 2.9 Transmutations


You had one spell level left.
You knew the following spells:

 Your Spells              Type           Power        Failure   Level  Hunger
a - Beastly Appendage     Tmut           ##....       38%         1    #......
b - Sticks to Snakes      Tmut           ##......     52%         2    ###....
c - Spider Form           Tmut/Pois      #.........   92%         3    ###....


Dungeon Overview and Level Annotations

Branches:
Dungeon (2/15)

Altars:

Annotations:
D:2 Sigmund


Innate Abilities, Weirdness & Mutations

You cannot wear most types of armour.
You are very stealthy in the water. (Stealth+)
You are amphibious.
You can wear up to eight rings at the same time.
You can use your tentacles to constrict eight enemies at once.
Your skin changes colour to match your surroundings (Stealth+).
Your rubbery body absorbs attacks. (AC +1, EV +1)


Message History

You feel incredibly sick.
You feel sick.
There is a lethal amount of poison in your body!
* * * LOW HITPOINT WARNING * * *
You feel sick.
* * * LOW HITPOINT WARNING * * *
You feel sick.
* * * LOW HITPOINT WARNING * * *
You feel sick.
You aren't carrying any potions.
You aren't carrying any potions.
Okay, then.
As you read the scroll labeled ZITANE AMEZIRCH, it crumbles to dust.
You feel strangely unstable.
It was a scroll of teleportation.
* * * LOW HITPOINT WARNING * * *
You feel sick.
* * * LOW HITPOINT WARNING * * *
You feel sick.
* * * LOW HITPOINT WARNING * * *
You feel sick.
You die...

##### ### ....# ##.#############
###.###### #####.#w..w.........
.........# #......############.
###.####.#####......# #.
##..................# #.
...>####...........#############.
###.# ###.......# #........##. .
#.# #..##@### #.######.##. #.#
#......# #.# ##.##. #.#
##.##..####.# #..... ...
#.....†....# #..### >#.
####..###### #..# # # #..#
########..## #..# ...........# #
#..# ########...# .# #..# #...#


You could see a worm.

Vanquished Creatures
  A gnoll (D:1)
  2 adders (D:2)
  An ooze (D:1)
  A worm (D:2)
  A dart slug (D:1)
  A leopard gecko (D:1)
  13 bats
  7 hobgoblins
  7 jackals
  3 kobolds (D:1)
  A ball python (D:1)
  A frilled lizard (D:1)
  3 goblins
  6 rats
48 creatures vanquished.

Notes
Turn   | Place    | Note
-------+----------+-------------------------------------------
     0 | D:1      | kae the Octopode Transmuter began the quest for the Orb.
     0 | D:1      | Reached XP level 1. HP: 13/13 MP: 3/3
    58 | D:1      | Reached XP level 2. HP: 14/18 MP: 5/5
   174 | D:1      | Learned a level 2 spell: Sticks to Snakes
   382 | D:1      | Reached XP level 3. HP: 3/23 MP: 4/6
  1232 | D:2      | Reached XP level 4. HP: 24/28 MP: 3/7
  1384 | D:2      | Noticed Sigmund
  1581 | D:2      | Learned a level 3 spell: Spider Form
  1665 | D:2      | HP: 1/28 [poisoned by miscasting Spider Form (residual poison)]
  1666 | D:2      | Succumbed to miscasting Spider Form's residual poison

Action                   |  1- 3 |  4- 6 || total
-------------------------+-------+-------++-------
Melee: Unarmed           |    80 |    38 ||   118
       Constrict         |    19 |    13 ||    32
       Kick              |     8 |     4 ||    12
       Tentacles         |    10 |     7 ||    17
 Cast: Beastly Appendage |     9 |     5 ||    14
  Use: Potion            |     3 |       ||     3
       Scroll            |       |     1 ||     1
 Stab: Sleeping          |     3 |     3 ||     6
  Eat: Chunk             |     1 |     1 ||     2
Armor: Skin              |    12 |     2 ||    14
Dodge: Dodged            |    41 |    15 ||    56
Block: Shield            |    21 |     5 ||    26
